 Dungeon Crawl Stone Soup version 0.25-a0-1015-g4819203062 (webtiles) character file.

Game seed: 4441950001812027460, levelgen mode: deterministic

1463 Zajic the Basher (level 8, 0/66 HPs)
             Began as a Minotaur Berserker on May 12, 2020.
             Was an Elder of Trog.
             Slain by an orc warrior
             ... wielding a +3 long sword
              (7 damage)
             ... on level 6 of the Dungeon.
             The game lasted 00:14:56 (5536 turns).

Zajic the Basher (Minotaur Berserker)               Turns: 5536, Time: 00:14:56

Health: 0/66       AC: 12    Str: 23    XL:     8   Next: 48%
Magic:  7/7        EV:  9    Int:  4    God:    Trog [****..]
Gold:   306        SH:  0    Dex: 11    Spells: 7/7 levels left

rFire    . . .     SeeInvis .   t - +0 flail
rCold    . . .     Gourm    .   (no shield)
rNeg     . . .     Faith    .   v - +0 chain mail
rPois    .         Spirit   .   K - +0 hat
rElec    .         Reflect  .   s - +0 cloak
rCorr    .         Harm     .   (no gloves)
MR       .....                  (no boots)
Stlth    ..........             (no amulet)
HPRegen  0.21/turn              (no ring)
MPRegen  0.10/turn              (no ring)

@: berserk cooldown, slowed, very slow
A: retaliatory headbutt, horns 2
a: Berserk, Trog's Hand, Brothers in Arms, Renounce Religion


You were on level 6 of the Dungeon.
You worshipped Trog.
Trog was greatly pleased with you.
You were hungry.

You visited 1 branch of the dungeon, and saw 6 of its levels.

You collected 306 gold pieces.

Inventory:

Hand Weapons
 a - a +0 mace
 t - a +0 flail (weapon)
Missiles
 k - 131 stones
 w - 5 curare-tipped darts
 C - a boomerang (quivered)
 I - 8 poisoned darts
Armour
 b - a +0 animal skin
 l - a +0 ring mail
 s - a +0 cloak (worn)
 v - a +0 chain mail (worn)
 K - a +0 hat (worn)
Jewellery
 f - an uncursed ring of poison resistance {unknown}
 q - an uncursed ring of flight {unknown}
 A - an uncursed amulet of magic regeneration {unknown}
 F - an uncursed ring of ice {unknown}
Wands
 o - a wand of flame (27)
 B - a wand of enslavement (7)
Scrolls
 h - 9 scrolls of identify {unknown}
 i - a scroll of enchant armour {unknown}
 j - 2 scrolls of fear {unknown}
 n - 7 scrolls of remove curse {unknown}
 r - a scroll of random uselessness {unknown}
 y - 3 scrolls of magic mapping {unknown}
 H - a scroll of teleportation {unknown}
 J - a scroll of blinking {unknown}
Potions
 d - a potion of heal wounds {unknown}
 e - 4 potions of curing
 g - 2 potions of resistance {unknown}
 m - a potion of might {unknown}
 p - a potion of lignification {unknown}
 u - 3 potions of magic {unknown}
 x - 2 potions of degeneration {unknown}
 z - 2 potions of stabbing {unknown}
 E - 2 potions of flight {unknown}
 G - a potion of haste {unknown}
Comestibles
 c - 15 rations


   Skills:
 - Level 3.9 Fighting
 + Level 10.4 Maces & Flails
 + Level 1.9 Throwing
 + Level 7.6 Armour
 - Level 2.3 Dodging


You had 7 spell levels left.
You didn't know any spells.
Your spell library was empty.

Dungeon Overview and Level Annotations

Branches:
Dungeon (6/15)
 Temple: D:4-7

Altars:
Dithmenos
Nemelex Xobeh
Sif Muna
Vehumet

Annotations:
D:5 2 transporters, FrogZ's ghost, amateur DEWz


Innate Abilities, Weirdness & Mutations

You reflexively headbutt those who attack you in melee.
You have a pair of horns on your head.


Message History

The jackal bites you but does no damage.
The jackal barely misses you. You furiously retaliate!
You headbutt the jackal!
You kill the jackal!
Trog accepts your kill.
The orc warrior hits you but does no damage.
The jackal barely misses you. You furiously retaliate!
You headbutt the jackal!
You kill the jackal!
Trog accepts your kill. The orc wizard closely misses you.
You hit the orc warrior but do no damage.
The orc warrior is severely wounded.
The orc warrior hits you with a +3 long sword.
* * * LOW HITPOINT WARNING * * *
The orc wizard hits you but does no damage.
The orc hits you but does no damage.
You hit the orc warrior but do no damage.
You headbutt the orc warrior, but do no damage.
The orc warrior is severely wounded.
The orc warrior hits you with a +3 long sword!
You die...

......#. .........
#......### #.
#........
#.##.......#
##.......##.### ...
#.)o##.>.####.
...#..o@)).......
.####.##.o)####...##
........>..# .#
####!....## ###....#
###...### #..<....#
#....#..##..#
####....# #.#


You could see an orc warrior, an orc wizard and an orc.

Vanquished Creatures
  Eustachio (D:4)
  Menkaure (D:4)
  An orc warrior (D:6)
  3 ogres (D:4)
  A centaur (D:5)
  A big kobold (D:5)
  A howler monkey (D:4)
  4 hounds
  An orc priest (D:6)
  A centaur skeleton (D:4)
  3 orc wizards
  Terence (D:2)
  An iguana (D:5)
  2 worker ants
  Natasha (twice) (D:2)
  A hound skeleton (D:4)
  Robin (D:2)
  5 adders
  3 gnolls (D:4)
  A shadow imp (D:5)
  2 oozes
  2 worms
  2 dart slugs (D:2)
  6 leopard geckos
  23 orcs
  2 ball pythons
  13 bats
  3 giant cockroaches
  16 goblins
  9 hobgoblins
  7 jackals
  2 quokkas
  3 frilled lizards
  10 kobolds
  A leopard gecko skeleton (D:4)
  8 rats
  A bush (D:5)
  A plant (D:5)
146 creatures vanquished.

Notes
Turn   | Place    | Note
-------+----------+-------------------------------------------
     0 | D:1      | Zajic the Minotaur Berserker began the quest for the Orb.
     0 | D:1      | Reached XP level 1. HP: 19/19 MP: 0/0
   305 | D:1      | Reached skill level 4 in Maces & Flails
   305 | D:1      | Reached XP level 2. HP: 27/27 MP: 1/1
   788 | D:2      | Noticed Robin
   799 | D:2      | Killed Robin
   799 | D:2      | Reached XP level 3. HP: 33/33 MP: 2/2
   919 | D:2      | Noticed Terence
   924 | D:2      | Killed Terence
   924 | D:2      | Reached skill level 5 in Maces & Flails
   924 | D:2      | Reached XP level 4. HP: 40/40 MP: 3/3
  1011 | D:2      | Reached ** piety under Trog
  1497 | D:2      | Reached skill level 6 in Maces & Flails
  1758 | D:2      | Noticed Natasha
  1763 | D:2      | Killed Natasha
  1763 | D:2      | Reached XP level 5. HP: 46/46 MP: 4/4
  1792 | D:2      | Found a shadowy altar of Dithmenos.
  2064 | D:2      | Found a radiant altar of Vehumet.
  2158 | D:2      | Noticed Natasha
  2171 | D:2      | Killed Natasha
  2304 | D:3      | Reached *** piety under Trog
  2406 | D:3      | Reached skill level 7 in Maces & Flails
  2406 | D:3      | Reached XP level 6. HP: 29/52 MP: 5/5
  3843 | D:4      | Noticed Menkaure
  3852 | D:4      | Killed Menkaure
  3852 | D:4      | Reached skill level 5 in Armour
  3990 | D:4      | Reached skill level 8 in Maces & Flails
  3990 | D:4      | Reached XP level 7. HP: 58/58 MP: 6/6
  4130 | D:4      | Reached skill level 1 in Throwing
  4262 | D:4      | Noticed Eustachio
  4271 | D:4      | Killed Eustachio
  4271 | D:4      | Reached skill level 9 in Maces & Flails
  4410 | D:4      | Found a shimmering blue altar of Sif Muna.
  4528 | D:5      | Entered Level 5 of the Dungeon
  4540 | D:5      | Reached XP level 8. HP: 61/66 MP: 7/7
  4570 | D:5      | Reached **** piety under Trog
  4649 | D:5      | Noticed FrogZ's ghost (amateur DEWz)
  4650 | D:5      | Found a transporter.
  4682 | D:5      | Found a transporter.
  4688 | D:5      | Found a sparkling altar of Nemelex Xobeh.
  5144 | D:5      | Reached skill level 10 in Maces & Flails
  5536 | D:6      | Slain by an orc warrior

Illustrated notes

Levels and vault maps discovered:
D:1:      giann_wishing_wells, layout_basic, minmay_stone_trees_small,
          minmay_tiny_reverse_x
D:2:      minmay_wonky_spiral, layout_basic, lemuel_crystal_altar,
          nicolae_dithmenos_through_a_glass_darkly, minmay_tree_intersection,
          minmay_tall_x, uniq_terence, uniq_natasha, uniq_robin
D:3:      layout_basic
D:4:      layout_basic, lemuel_coloured_pillars_altar, uniq_eustachio,
          uniq_menkaure
D:5:      layout_loops_ring, nemelex_xobeh_ov_fountains_minmay,
          gammafunk_ghost_stat_death, first_ration, nicolae_sextant,
          lexackson_kobold_supper
D:6:      layout_rooms, nicolae_overflow_crystal_walls,
          nicolae_tso_besieged_by_evil, serial_curves, eino_curves_02,
          eino_curves_03, basic_altar

Skill      XL: |  1  2  3  4  5  6  7  8 |
---------------+-------------------------+-----
Maces & Flails | 4 5 6 7 8 9 10 | 10.4
Armour         | 3 4 5 6 7 |  7.6
Throwing       | 1 |  1.9
Fighting       | |  3.9
Dodging        | |  2.3

Action                   |  1- 3 |  4- 6 |  7- 9 || total
-------------------------+-------+-------+-------++-------
Melee: Mace              |    44 |    49 |       ||    93
       Headbutt          |     3 |    31 |    35 ||    69
       Flail             |       |   118 |   142 ||   260
Throw: Stone             |     7 |    12 |       ||    19
       Boomerang         |       |       |     7 ||     7
Invok: Berserk           |     2 |     2 |     3 ||     7
  Eat: Chunk             |     1 |    12 |     7 ||    20
Armor: Animal skin       |     7 |       |       ||     7
       Ring mail         |    10 |    29 |       ||    39
       Chain mail        |       |    63 |    67 ||   130
Dodge: Dodged            |    49 |    98 |    67 ||   214

Table legend:
 A = Non-vault XP
 B = Vault XP
 C = Vault XP percentage of total XP
 D = Non-vault monster count
 E = Vault monster count
 F = Vault count percentage of total count
                 A         B        C        D         E       F
            +---------+---------+-------+---------+---------+-------
      Total |    1466 |     624 |  29.9 |     113 |      31 |  21.5
            +---------+---------+-------+---------+---------+-------
        D:1 |      24 |       3 |  11.1 |      12 |       2 |  14.3
        D:2 |     152 |     150 |  49.7 |      29 |      19 |  39.6
        D:3 |     118 |       0 |   0.0 |      32 |       0 |   0.0
        D:4 |     582 |     360 |  38.2 |      15 |       2 |  11.8
        D:5 |     340 |     111 |  24.6 |      13 |       8 |  38.1
        D:6 |     250 |       0 |   0.0 |      12 |       0 |   0.0
            +---------+---------+-------+---------+---------+-------
